 Dungeon Crawl Stone Soup version 0.29.1-1-gd02db6906a (webtiles) character file.

Game seed: 12669778758597095416

2619 Linkola the Thaumaturge (level 9, -5/45 HPs)
             Began as a Deep Elf Air Elementalist on Sept 24, 2022.
             Was a Follower of Vehumet.
             Slain by a komodo dragon (18 damage)
             ... on level 7 of the Dungeon on Sept 25, 2022.
             The game lasted 00:48:58 (8535 turns).

Linkola the Thaumaturge (Deep Elf Air Elementalist) Turns: 8535, Time: 00:49:00

Health: -5/45      AC:  5    Str:  5    XL:     9   Next: 34%
Magic:  16/24      EV: 13    Int: 25    God:    Vehumet [*.....]
Gold:   337        SH:  5    Dex: 15    Spells: 9/26 levels left

rFire   . . .      SeeInvis .   e - +2 flail (drain)
rCold   + . .      Faith    .   (no shield)
rNeg    + . .      Spirit   .   y - +1 robe {rC+}
rPois   .          Reflect  +   p - +0 helmet
rElec   .          Harm     .   (no cloak)
rCorr   .          Rampage  .   (no gloves)
Will    .....                   w - +0 pair of boots
Stlth   +++.......              o - amulet of reflection
HPRegen 0.15/turn               f - ring of positive energy
MPRegen 0.19/turn               (no ring)

@: freezing walls
A: no striking features
a: Renounce Religion


You were on level 7 of the Dungeon.
You worshipped Vehumet.
Vehumet was aware of your devotion.
You visited 2 branches of the dungeon, and saw 8 of its levels.

You collected 337 gold pieces.

Inventory:

Hand Weapons
 e - a +2 flail of draining (weapon)
Missiles
 h - 13 poisoned darts
 k - 14 stones (quivered)
Armour
 p - a +0 helmet (worn)
 w - a +0 pair of boots (worn)
 y - a +1 robe of cold resistance (worn)
Jewellery
 f - a ring of positive energy (left hand)
 o - an amulet of reflection (around neck)
Wands
 s - a wand of light (3)
 t - a wand of polymorph (7)
 z - a wand of roots (1)
Scrolls
 c - 4 scrolls of amnesia
 l - a scroll of vulnerability {unknown}
 m - a scroll of blinking {unknown}
 n - 2 scrolls of teleportation
 r - a scroll of magic mapping {unknown}
 v - a scroll of immolation {unknown}
 x - a scroll of butterflies {unknown}
Potions
 a - a potion of degeneration {unknown}
 b - 2 potions of magic
 d - 3 potions of flight
 i - a potion of cancellation
 j - 2 potions of haste
 q - a potion of lignification {unknown}
 u - 2 potions of resistance


   Skills:
 + Level 3.7 Throwing
 + Level 3.1 Dodging
 + Level 4.0 Stealth
 + Level 9.4 Spellcasting
 + Level 6.2 Conjurations
 * Level 2.7 Necromancy
 * Level 0.9 Ice Magic
 + Level 7.8 Air Magic


You had 9 spell levels left.
You knew the following spells:

 Your Spells              Type           Power      Damage    Failure   Level
a - Shock                 Conj/Air       100%       1d9       1%          1
b - Static Discharge      Conj/Air       46%        3-9/arc   1%          2
c - Swiftness             Air            50%        N/A       1%          3
d - Airstrike             Air            25%        2d(4-20)  2%          4
e - Magic Dart            Conj           100%       1d8       1%          1
f - Frozen Ramparts       Ice            32%        1d5       11%         3
g - Vampiric Draining     Necr           25%        2d7       4%          3

Your spell library contained the following spells:

 Spells                   Type           Power      Damage    Failure   Level
 Necrotise                Necr           100%       1d9       1%          1
 Ignite Poison            Fire/Tmut/Pois 11%        N/A       16%         3
 Ice Form                 Ice/Tmut       14%        N/A       38%         4
 Summon Ice Beast         Ice/Summ       14%        N/A       38%         4
 Agony                    Necr           25%        N/A       43%         5
 Chain Lightning          Conj/Air       23%        3d30      100%        9


Dungeon Overview and Level Annotations

Branches:
Dungeon (7/15)             Temple (1/1) D:5

Altars:
Ashenzari
Cheibriados
Dithmenos
Elyvilon
Fedhas
Gozag
Hepliaklqana
Kikubaaqudgha
Makhleb
Nemelex Xobeh
Qazlal
Ru
Sif Muna
Trog
Uskayaw
Vehumet
Wu Jian
Xom
Yredelemnul
Zin


Message History

The komodo dragon is moderately wounded.
The zap hits the cyan ugly thing.
The cyan ugly thing resists.
The cyan ugly thing is lightly wounded.
The zap hits the cyan ugly thing but does no damage.
The cyan ugly thing is lightly wounded.
The zap hits the komodo dragon.
The komodo dragon is heavily wounded.
The komodo dragon bites you!!
Casting: Shock (safe; 1% risk of failure)
Confirm with . or Enter, or press ? or * to list all spells.
Casting: Frozen Ramparts (dangerous; 11% risk of failure)
Press: ? - help, Dir - look around, f - activate The walls around you are covered in ice.
The wall freezes the komodo dragon.
You block the komodo dragon's attack.
The wall freezes the cyan ugly thing.
The wall freezes the komodo dragon but does no damage.
The komodo dragon bites you!
The wall freezes the cyan ugly thing.
The wall freezes the komodo dragon but does no damage.
The komodo dragon bites you!
* * * LOW HITPOINT WARNING * * *
The wall freezes the cyan ugly thing.
You feel much better.
The wall freezes the cyan ugly thing but does no damage.
The wall freezes the komodo dragon.
The komodo dragon bites you!!
Ouch! That really hurt!
* * * LOW HITPOINT WARNING * * *
The wall freezes the cyan ugly thing.
Casting: Frozen Ramparts (dangerous; 11% risk of failure)
Confirm with . or Enter, or press ? or * to list all spells.
You don't know that spell.
Casting: Frozen Ramparts (dangerous; 11% risk of failure)
Confirm with . or Enter, or press ? or * to list all spells.
Aiming: Vampiric Draining (dangerous; 4% risk of failure)
Press: ? - help, Shift-Dir - straight line, f - komodo dragon
Aim: a komodo dragon (heavily wounded)
You draw life force from the komodo dragon!
You feel life coursing into your body.
The wall freezes the komodo dragon but does no damage.
The komodo dragon bites you!!
You die...

## ###..)##### #.# [#
.###...### #.# ?.
...###...###.# .#
#..###...#.### ..
#....###.....## #.
#......'##....## #.
#....###.......#
#.###..###.).......#
#.ul@###...#....รท..#
#..### ..####.....##
#### ...........##
####.......##
#.........
#.#..>....##
##........###
.............
##...........


You could see a cyan ugly thing and a komodo dragon.

Vanquished Creatures
  Eustachio (D:4)
  A steam dragon (D:6)
  2 water moccasins (D:7)
  2 ice beasts (D:6)
  A black bear (D:4)
  A sky beast (D:6)
  An ogre (D:6)
  4 phantoms
  A kobold brigand (D:7)
  2 bullfrogs
  A gnoll sergeant (D:7)
  2 scorpions
  3 killer bees (D:7)
  2 jellies
  2 orc priests
  3 hounds
  3 iguanas
  8 orc wizards
  Natasha (thrice) (D:4)
  A mummy (D:7)
  Robin (D:4)
  7 gnolls
  7 adders
  3 shadow imps
  An ufetubus (D:5)
  A worm (D:2)
  3 dart slugs
  21 orcs
  6 bats
  2 endoplasms
  3 giant cockroaches
  19 goblins
  5 hobgoblins
  6 jackals (D:3)
  2 quokkas (D:1)
  12 ball pythons
  A frilled lizard (D:2)
  2 hobgoblin zombies (D:7)
  9 kobolds
  A kobold zombie (D:7)
  An orc zombie (D:7)
  4 rats
161 creatures vanquished.

Notes
Turn   | Place    | Note
-------+----------+-------------------------------------------
     0 | D:1      | Linkola the Deep Elf Air Elementalist began the quest for
                  | the Orb.
     0 | D:1      | Reached XP level 1. HP: 10/10 MP: 6/6
   312 | D:1      | Reached XP level 2. HP: 15/15 MP: 6/8
   387 | D:1      | Learned a level 2 spell: Static Discharge
  1285 | D:2      | Reached XP level 3. HP: 19/19 MP: 7/10
  1320 | D:2      | Learned a level 3 spell: Swiftness
  1511 | D:2      | Found a faded altar of an unknown god.
  1566 | D:2      | Reached skill level 4 in Spellcasting
  1840 | D:3      | Found a hide-covered altar of Uskayaw.
  2220 | D:3      | Found a blossoming altar of Fedhas.
  2433 | D:3      | Reached XP level 4. HP: 24/24 MP: 3/12
  3060 | D:3      | Learned a level 4 spell: Airstrike
  3073 | D:4      | Noticed a black bear
  3080 | D:4      | Killed a black bear
  3081 | D:4      | Reached skill level 1 in Throwing
  3081 | D:4      | Reached XP level 5. HP: 19/28 MP: 4/13
  3195 | D:4      | Found a glowing silver altar of Zin.
  3196 | D:4      | Noticed an angel
  3357 | D:4      | Noticed Robin
  3407 | D:4      | Killed Robin
  3632 | D:4      | Noticed Eustachio
  3642 | D:4      | Killed Eustachio
  3643 | D:4      | Reached skill level 5 in Spellcasting
  3643 | D:4      | Reached XP level 6. HP: 31/32 MP: 5/15
  3829 | D:4      | Found a snail-covered altar of Cheibriados.
  3912 | D:4      | Reached skill level 5 in Air Magic
  4049 | D:4      | Noticed Natasha
  4052 | D:4      | Killed Natasha
  4052 | D:4      | Noticed Natasha
  4056 | D:4      | Killed Natasha
  4062 | D:4      | Noticed Natasha
  4068 | D:4      | Killed Natasha
  4291 | D:4      | Reached XP level 7. HP: 36/36 MP: 14/17
  4399 | D:4      | Reached skill level 6 in Spellcasting
  4642 | D:5      | Entered Level 5 of the Dungeon
  4642 | D:5      | Found a staircase to the Ecumenical Temple.
  4659 | Temple   | Entered the Ecumenical Temple
  5198 | D:5      | Found a broken altar of Ashenzari.
  5408 | D:5      | Reached skill level 7 in Spellcasting
  5758 | D:5      | Found a shadowy altar of Dithmenos.
  5769 | D:5      | Found a radiant altar of Vehumet.
  5773 | D:5      | Became a worshipper of Vehumet
  5819 | D:6      | Reached XP level 8. HP: 34/41 MP: 12/20
  6049 | D:6      | Reached skill level 5 in Conjurations
  6286 | D:6      | Reached skill level 8 in Spellcasting
  6506 | D:6      | Got Sif Muna's Precepts of the Baneful Squall
  7415 | D:7      | Reached * piety under Vehumet
  7415 | D:7      | Offered knowledge of Magic Dart by Vehumet.
  7777 | D:5      | Learned a level 1 spell: Magic Dart
  7792 | D:6      | Reached skill level 9 in Spellcasting
  7792 | D:6      | Reached skill level 1 in Necromancy
  7792 | D:6      | Reached XP level 9. HP: 36/45 MP: 12/24
  8144 | D:7      | Learned a level 3 spell: Frozen Ramparts
  8436 | D:7      | Learned a level 3 spell: Vampiric Draining
  8524 | D:7      | Noticed a komodo dragon
  8525 | D:7      | Noticed a cyan ugly thing
  8535 | D:7      | Slain by a komodo dragon

Illustrated notes

Levels and vault maps discovered:
D:1:      minmay_arrival_doors, layout_loops_ring,
          hangedman_abyss_or_decor_stabs, feat_on_display
D:2:      layout_rooms, shapermc_ecumenical_altar_hornbeckon
D:3:      layout_basic, mainiacjoe_overflow_catwalk, lemuel_tele_altar,
          st_stairs_8
D:4:      layout_basic, zin_angel, marbit_many_paths,
          chequers_serial_rivers_micro_d, skrybe_limestone_x,
          kennysheep_generic_room_6, uniq_natasha, uniq_robin, uniq_eustachio
D:5:      layout_basic, minitemple, mainiacjoe_overflow_paths,
          minmay_temple_entry_grid
D:6:      layout_basic
D:7:      minmay_the_grid_four_pointed_star
          [minmay_the_grid_triangle_9x9_checkered,
          minmay_the_grid_triangle_9x9_fully_insulated_deathbox,
          minmay_the_grid_triangle_9x9_windchime,
          minmay_the_grid_triangle_9x9_intruding_spiral,
          minmay_the_grid_prize_four_corners], layout_rooms, minmay_mini_ossuary
Temple:   cyrus_circular_temple

Skill      XL: |  1  2  3  4  5  6  7  8  9 |
---------------+----------------------------+-----
Spellcasting   | 4 5 7 9 |  9.4
Stealth        | 3 4 |  4.0
Throwing       | 1 2 3 |  3.7
Conjurations   | 2 3 4 5 6 |  6.2
Air Magic      | 4 5 7 |  7.8
Dodging        | 3 |  3.1
Necromancy     | 1 2 |  2.7
Ice Magic      | |  0.9

Action                   |  1- 3 |  4- 6 |  7- 9 || total
-------------------------+-------+-------+-------++-------
Melee: Unarmed           |     3 |       |       ||     3
       Punch             |     1 |       |       ||     1
       Demon blade       |       |       |     1 ||     1
Throw: Stone             |    19 |    10 |     4 ||    33
 Cast: Shock             |    86 |    88 |   173 ||   347
       Static Discharge  |     2 |     7 |    33 ||    42
       Magic Dart        |       |       |    17 ||    17
       Swiftness         |       |       |     2 ||     2
       Vampiric Draining |       |       |     1 ||     1
       Frozen Ramparts   |       |       |     1 ||     1
  Use: Scroll            |     9 |     1 |     3 ||    13
       Potion            |       |       |     5 ||     5
Armor: Robe              |     1 |     3 |    13 ||    17
Dodge: Dodged            |     8 |    12 |    33 ||    53
Block: Other             |       |       |     9 ||     9
